 Dungeon Crawl Stone Soup version 0.31.0-11-ge490571c62 (console) character file.

Game seed: 17264270982415092383

374 jejorda2 the Ruffian (level 6, -1/53 HPs)
             Began as a Draconian Berserker on Jan 27, 2024.
             Was a Believer of Trog.
             Slain by an ogre
             ... wielding a +0 giant spiked club
              (31 damage)
             ... on level 4 of the Dungeon.
             The game lasted 00:04:37 (2548 turns).

jejorda2 the Ruffian (Draconian Berserker)          Turns: 2548, Time: 00:04:38

Health: -1/53      AC:  6    Str: 21    XL:     6   Next: 43%
Magic:  6/6        EV: 12    Int:  7    God:    Trog [**....]
Gold:   174        SH:  0    Dex: 11    Spells: 5/5 levels left

rFire   . .          .
                       - Unarmed
rCold   . . .        (no shield)
rNeg    . . .        (body armour unavailable)
rPois   +            (helmet restricted)
rElec   .            (no cloak)
rCorr   .            (no gloves)
SInv    .            (no boots)
Will    .....        (no amulet)
Stlth   +            f - ring of poison resistance
HPRegen 0.28/turn    (no ring)
MPRegen 0.10/turn

%: no passive effects
@: no status effects
A: AC +6, unfitting armour, cold-blooded
a: Renounce Religion, Berserk, Trog's Hand


You were on level 4 of the Dungeon.
You worshipped Trog.
Trog was pleased with you.
You visited 1 branch of the dungeon, and saw 4 of its levels.
You also visited: Sewer.

You collected 174 gold pieces.

Inventory:

Hand Weapons
 j - a +3 long sword of flaming
Missiles
 h - 46 stones (quivered)
 l - 6 poisoned darts
 q - 3 boomerangs
Jewellery
 f - a ring of poison resistance (left hand)
Scrolls
 a - 3 scrolls of identify {unknown}
 i - a scroll of torment {unknown}
 m - 2 scrolls of vulnerability {unknown}
 o - 2 scrolls of enchant armour {unknown}
 p - a scroll of noise {unknown}
 s - a scroll of enchant weapon {unknown}
Potions
 b - 2 potions of haste {unknown}
 c - 2 potions of heal wounds {unknown}
 d - a potion of cancellation {unknown}
 e - a potion of enlightenment {unknown}
 g - a potion of curing {unknown}
 k - 2 potions of mutation {unknown}
 n - a potion of lignification {unknown}
 r - 2 potions of resistance {unknown}


   Skills:
 + Level 4.5 Fighting
 - Level 2.6 Dodging
 * Level 5.1 Unarmed Combat
 * Level 3.6 Shapeshifting


You had 5 spell levels left.
You didn't know any spells.
Your spell library was empty.

Dungeon Overview and Level Annotations

Branches:
Dungeon (4/15)              Sewer (visited)
 Temple: D:4-7

Altars:
Hepliaklqana
Makhleb
Vehumet

Annotations:
D:4 Pikel


Innate Abilities, Weirdness & Mutations

Your plain brown scales are hard. (AC +6)
You cannot fit into any form of body armour.
You are cold-blooded and may be slowed by cold attacks.


Message History

The lemure is moderately wounded.
The endoplasm closely misses you. The lemure hits you.
You closely miss the lemure. You tail-slap the lemure.
The lemure is moderately wounded.
The endoplasm completely misses you. The lemure misses you.
The endoplasm barely misses you. The lemure closely misses you.
You hit the lemure.
The lemure is severely wounded.
The endoplasm barely misses you. The lemure hits you.
You hit the lemure.
You tail-slap the lemure, but do no damage.
The lemure is almost dead.
The endoplasm hits you but does no damage.
The lemure hits you but does no damage. The endoplasm hits you.
Pikel, Merchant of Souls comes into view.
He is wielding a +0 whip of electrocution and carrying a wand of charming.
An ogre comes into view. It is wielding a +0 giant spiked club.
The lemure barely misses you.
You barely miss the lemure.
The lemure is almost dead.
You feel yourself speed up.
The ogre shouts!
The endoplasm barely misses you. The lemure barely misses you.
You hit the lemure.
You kill the lemure!
That felt strangely unrewarding.
The endoplasm hits you but does no damage.
You hit the endoplasm. You tail-slap the endoplasm.
You kill the endoplasm!
Trog accepts your kill.
You barely miss the ogre. You tail-slap the ogre.
The ogre is lightly wounded.
The ogre barely misses you.
You hit the ogre but do no damage.
The ogre is lightly wounded.
A ball python comes into view.
A lemure comes into view.
You punch the ogre! You tail-slap the ogre.
The ogre is moderately wounded.
The ogre hits you with a +0 giant spiked club!!
Ouch! That really hurt!
You die...

#.## #...# ###..# #...#
...... #...# ..
......#######...####.###
.)......................
...5..5........##~~~~~##
#........##~~~~~##
#.#####..~≈.....~~ #@#
#..~~~....~~ #....O.#
#.........≈~ ###.####
#..~~.....≈~ #
#..≈~..~..~÷
.....##≈~.~≈##
##.#.##≈~.~~##
#.#..~.......
..#####..###. #. #.## #.


You could see an ogre and a lemure.

Vanquished Creatures
  Pargi (Sewer)
  An ogre (D:3)
  2 lemures (D:4)
  A brain worm (Sewer)
  2 orc priests (D:3)
  2 adders
  3 dart slugs
  5 orcs (D:3)
  12 ball pythons
  3 bats
  5 endoplasms
  2 goblins
  4 hobgoblins
  3 quokkas
  7 frilled lizards
  3 kobolds
  9 rats
65 creatures vanquished.

Notes
Turn   | Place    | Note
-------+----------+-------------------------------------------
     0 | D:1      | jejorda2 the Draconian Berserker began the quest for the
                  | Orb.
     0 | D:1      | Reached XP level 1. HP: 19/19 MP: 1/1
   269 | D:1      | Reached XP level 2. HP: 24/26 MP: 2/2
   659 | D:1      | Reached skill level 1 in Shapeshifting
   909 | D:2      | Found a hazy altar of Hepliaklqana.
  1099 | D:2      | Reached XP level 3. HP: 30/31 MP: 3/3
  1206 | D:3      | Found a radiant altar of Vehumet.
  1217 | D:3      | Reached XP level 4. HP: 40/40 MP: 4/4
  1342 | D:3      | Noticed an ogre
  1350 | D:3      | Killed an ogre
  1351 | D:3      | Reached skill level 4 in Unarmed Combat
  1351 | D:3      | Reached XP level 5. HP: 28/46 MP: 5/5
  1573 | D:3      | Reached ** piety under Trog
  2097 | D:3      | Found a burning altar of Makhleb.
  2165 | D:4      | Found a glowing drain.
  2185 | Sewer    | Entered a sewer
  2200 | Sewer    | Reached XP level 6. HP: 45/53 MP: 4/6
  2347 | Sewer    | Noticed Pargi
  2354 | Sewer    | Killed Pargi
  2355 | Sewer    | Reached skill level 5 in Unarmed Combat
  2542 | D:4      | Noticed Pikel
  2548 | D:4      | Slain by an ogre

Illustrated notes

Levels and vault maps discovered:
D:1:      minmay_arrival_four_loops, layout_basic, serial_bayou_crossing
D:2:      layout_rooms, basic_altar, minmay_misc_feat_cross
D:3:      minmay_inner_zag, layout_rooms, fiery_altar_vehumet,
          general_overflow_altar, nrook_uturn, minmay_misc_feat_square,
          kennysheep_orc_chapel
D:4:      layout_loops_cross, cheibrodos_sewer_entry_sluice,
          nicolae_nh_ransacked_shop, uniq_natasha, uniq_pikel

Skill      XL: |  1  2  3  4  5  6 |
---------------+-------------------+-----
Shapeshifting  | 1 2 3 |  3.6
Fighting       | 4 |  4.5
Unarmed Combat | 4 5 |  5.1
Dodging        | |  2.6

Action                     |  1- 3 |  4- 6 || total
---------------------------+-------+-------++-------
  Melee: Unarmed           |    70 |   102 ||   172
         Tailslap          |     5 |    15 ||    20
         Punch             |     1 |     3 ||     4
  Throw: Stone             |     1 |     1 ||     2
 Invoke: Berserk           |     1 |     2 ||     3
   Stab: Sleeping          |       |     3 ||     3
 Armour: Skin              |    22 |    54 ||    76
  Dodge: Dodged            |    43 |    74 ||   117
